 Dungeon Crawl Stone Soup version 0.32-a0-898-g7811c86 (webtiles) character file.

Game seed: 8194496871691985694

21 staltz the Grasshopper (level 2, 0/23 HPs)
             Began as a Coglin Warper on Mar 13, 2024.
             Frozen to death by an endoplasm (3 damage)
             ... on level 1 of the Dungeon on Apr 4, 2024.
             The game lasted 00:02:56 (530 turns).

staltz the Grasshopper (Coglin Warper)               Turns: 530, Time: 00:02:57

Health: 0/23       AC:  3    Str: 11    XL:     2   Next: 83%
Magic:  5/5        EV: 10    Int: 12    God:
Gold:   10         SH:  0    Dex: 13    Spells: 5/5 levels left

rFire   . . .        a - +0 falchion {Ntombi}
rCold   . . .        e - +0 dagger {Epaminondas}
rNeg    . . .        b - +0 leather armour
rPois   .            (no helmet)
rElec   .            (no cloak)
rCorr   .            (no gloves)
SInv    .            (no boots)
Will    .....        (amulet unavailable)
Stlth   +            (ring unavailable)
HPRegen 0.23/turn    (ring unavailable)
MPRegen 0.09/turn    (no gizmo)

%: no passive effects
@: no status effects
A: off-hand wielding, slow wielding, warmup strikes, no jewellery
a: Invent Gizmo


You were on level 1 of the Dungeon.
You visited 1 branch of the dungeon, and saw 1 of its levels.

You collected 10 gold pieces.

Inventory:

Hand Weapons
 a - a +0 falchion (weapon) {Ntombi}
 e - a +0 dagger (offhand) {Epaminondas}
Missiles
 d - 7 darts of dispersal (quivered)
 i - 6 poisoned darts
Armour
 b - a +0 leather armour (worn)
Scrolls
 c - a scroll of blinking
 g - a scroll of amnesia {unknown}
 j - a scroll of identify {unknown}
Potions
 f - a potion of curing {unknown}
 h - a potion of might {unknown}


   Skills:
 + Level 2.3 Fighting
 + Level 0.1(1.1) Short Blades
 + Level 2.1 Long Blades
 + Level 0.8 Throwing
 + Level 1.1 Armour
 + Level 1.9 Dodging
 + Level 2.0 Spellcasting
 + Level 3.1 Translocations


You had 5 spell levels left.
You didn't know any spells.
Your spell library contained the following spells:

 Spells                   Type           Power      Damage    Failure   Level
 Blink                    Tloc           16%        N/A       14%         2
 Lesser Beckoning         Tloc           16%        N/A       14%         2
 Teleport Other           Tloc           8%         N/A       28%         3
 Vhi's Electric Charge    Tloc/Air       10%        N/A       88%         4
 Manifold Assault         Tloc           4%         N/A       100%        7


Dungeon Overview and Level Annotations

Branches:
Dungeon (1/15)

Altars:


Innate Abilities, Weirdness & Mutations

You can wield a second weapon in your off-hand.
It takes a long time for you to wield or remove held weapons.
Your first few attacks do less damage.
You cannot equip rings or amulets.


Message History

i - 6 poisoned darts (gained 2)
You see here a giant cockroach corpse.
An endoplasm comes into view.
The endoplasm quivers.
You hit the endoplasm with your +0 dagger.
The endoplasm is moderately wounded.
You completely miss the endoplasm with your +0 falchion.
The endoplasm closely misses you. The endoplasm closely misses you.
The endoplasm freezes you.
You are frozen.
The endoplasm hits you. The endoplasm freezes you.
You are frozen.
The endoplasm barely misses you. The endoplasm hits you.
The endoplasm freezes you.
You are frozen.
The endoplasm freezes you.
You are frozen.
The endoplasm freezes you.
You are frozen.
The endoplasm freezes you.
You are frozen.
* * * LOW HITPOINT WARNING * * *
The endoplasm barely misses you. The endoplasm closely misses you.
The endoplasm hits you.
* * * LOW HITPOINT WARNING * * *
The endoplasm barely misses you. The endoplasm misses you.
The endoplasm freezes you.
You are frozen.
* * * LOW HITPOINT WARNING * * *
The endoplasm hits you but does no damage.
The endoplasm closely misses you. The endoplasm barely misses you.
The endoplasm freezes you.
You are frozen.
You die...

##.#.#
##.†######
#.#.# #
##......#
#.#.#.#
##.#####.#
..#.#.
##^.# #....
#.#.# ....
.##.# #..
.##.#
####J#
>##.#
#...@#
###.#####.#
#.##.#
#..#......#
#.#
###.#######
# #.# #)..#
#!##.###
#.###
#......#
#.########
####.#.#
#........#
#.#... ..
########>#
#.# #####
..#


You could see an endoplasm.

Vanquished Creatures
  2 ball pythons (D:1)
  2 bats (D:1)
  2 endoplasms (D:1)
  A giant cockroach (D:1)
  2 goblins (D:1)
  A hobgoblin (D:1)
  3 jackals (D:1)
  3 frilled lizards (D:1)
  2 rats (D:1)
18 creatures vanquished.

Notes
Turn   | Place    | Note
-------+----------+-------------------------------------------
     0 | D:1      | staltz the Coglin Warper began the quest for the Orb.
     0 | D:1      | Reached XP level 1. HP: 16/16 MP: 3/3
   164 | D:1      | Reached XP level 2. HP: 22/22 MP: 5/5
   169 | D:1      | Upgraded the game from 0.32-a0-698-gfc9fac7 to
                  | 0.32-a0-799-g95e1662
   169 | D:1      | Upgraded the game from 0.32-a0-799-g95e1662 to
                  | 0.32-a0-808-g8da92d5
   169 | D:1      | Upgraded the game from 0.32-a0-808-g8da92d5 to
                  | 0.32-a0-814-g0968bab
   169 | D:1      | Upgraded the game from 0.32-a0-814-g0968bab to
                  | 0.32-a0-818-gb728d02
   230 | D:1      | Reached skill level 1 in Armour
   392 | D:1      | Found a faded altar of an unknown god.
   399 | D:1      | Upgraded the game from 0.32-a0-818-gb728d02 to
                  | 0.32-a0-886-g41c5271
   399 | D:1      | Upgraded the game from 0.32-a0-886-g41c5271 to
                  | 0.32-a0-898-g7811c86
   530 | D:1      | Frozen to death by an endoplasm

Illustrated notes

Levels and vault maps discovered:
D:1:      shiori_arrival_elements, layout_loops_ring,
          dreamdust_ecumenical_altar_statues

Skill      XL: |  1  2 |
---------------+-------+-----
Spellcasting   | 2 |  2.0
Armour         | 1 |  1.1
Fighting       | |  2.3
Short Blades   | |  0.1
Long Blades    | |  2.1
Throwing       | |  0.8
Dodging        | |  1.9
Translocations | |  3.1

Action                     || total
---------------------------++-------
  Melee: Falchion          ||    29
         Dagger            ||    24
 Armour: Leather armour    ||    68
  Dodge: Dodged            ||    96

Table legend: (Time is in decaauts)
 A = Elapsed time spent in this place.
 B = Non-inter-level travel time spent in this place.
 C = Inter-level travel time spent in this place.
 D = Time resting spent in this place.
 E = Time spent auto-exploring this place.
 F = Levels seen in this place.
 G = Mean time per level.
                   A        B        C        D        E       F      G
               +--------+--------+--------+--------+--------+-----+--------+
         Total |    531 |    531 |      0 |      0 |    321 |   1 |  531.0 |
       Dungeon |    531 |    531 |      0 |      0 |    321 |   1 |  531.0 |
               +--------+--------+--------+--------+--------+-----+--------+

Top non-repeatable levels by time:
     D:1: 531 daAuts
